 Dungeon Crawl Stone Soup version 0.31-a0-675-g238779eb0a (webtiles) character file.

Game seed: 1655102405673792573

5275 ytrimaz the Martial Artist (level 9, -3/62 HPs)
             Began as a Demonspawn Shapeshifter on Sept 5, 2023.
             Was a Priest of Ru.
             Slain by a large abomination (16 damage)
             ... on level 9 of the Dungeon.
             The game lasted 00:11:44 (7751 turns).

ytrimaz the Martial Artist (DsSh)                   Turns: 7751, Time: 00:11:44

Health: -3/62      AC: 15    Str: 21    XL:     9   Next: 36%
Magic:  9/9        EV: 11    Int:  8    God:    Ru [***...]
Gold:   602        SH:  4    Dex: 16    Spells: 8/8 levels left

rFire   . .          .
                       - Unarmed
rCold   . . .        (no shield)
rNeg    + + +        e - +0 swamp dragon scales
rPois   +            (helmet currently unavailable)
rElec   .            (cloak currently unavailable)
rCorr   +            (gloves currently unavailable)
SInv    .            (boots currently unavailable)
Will    +....        b - amulet of Nexkiph {rN+++ Will+ Regen+ Str+2 Int-2}
Stlth   +            w - +4 ring of protection
HPRegen 1.10/turn    A - ring of resist corrosion
MPRegen 0.11/turn

%: no passive effects
@: beast-form
A: beast (slay +4), horns 2, demonic guardian 1, icemail 1, inability to train
armour, inexperienced 1, condensation shield, strong 1, inability to drink after
injury 1
a: Begin Untransformation, Renounce Religion, Draw Out Power


You were on level 9 of the Dungeon.
You worshipped Ru.
Ru was most pleased with you.
You were a hulking beast.
You visited 1 branch of the dungeon, and saw 9 of its levels.

You collected 602 gold pieces.


Innate Abilities, Weirdness & Mutations

You are a hulking beast.
Your limbs bulge with bestial killing power. (Slay +4)
You have a pair of horns on your head.
A weak demonic guardian rushes to your aid.
A meltable icy envelope protects you from harm. (AC +4)
You cannot train Armour skill.
You are somewhat inexperienced. (-1 XL)
A meltable shield of frost defends you. (SH +4)
Your muscles are strong. (Str +4, Int/Dex -1)
You occasionally lose the ability to drink potions when taking damage.


   Skills:
 + Level 2.7 Fighting
 - Level 0.7 Short Blades
 - Level 1.7 Dodging
 - Level 10.0 Unarmed Combat
 + Level 9.8 Shapeshifting


You had 8 spell levels left.
You didn't know any spells.
Your spell library contained the following spells:

 Spells                   Type           Power      Damage    Failure   Level
 Apportation              Tloc           0%         N/A       58%         1
 Necrotise                Necr           0%         1d4       58%         1
 Gell's Gravitas          Tloc           0%         N/A       91%         3
 Summon Guardian Golem    Hex/Summ       0%         N/A       91%         3
 Teleport Other           Tloc           0%         N/A       91%         3
 Vampiric Draining        Necr           0%         2d6       91%         3
 Agony                    Necr           0%         N/A       100%        5
 Alistair's Intoxication  Tmut/Pois      0%         N/A       100%        5
 Dispersal                Tloc           0%         N/A       100%        6
 Orb of Destruction       Conj           0%         9d5       100%        7
 Spellforged Servitor     Conj/Summ      0%         N/A       100%        7

Inventory:

Hand Weapons
 f - the +10 pair of quick blades "Gyre" and "Gimble" {protect}
   (You acquired it on level 7 of the Dungeon)
Missiles
 s - a throwing net
Armour
 e - +0 swamp dragon scales (worn)
   (You found it on level 1 of the Dungeon)
 B - the +1 scale mail "Emuar" {*Slow rElec Slay+2}
   (You found it on level 8 of the Dungeon)

   Slay+2:    It affects your accuracy & damage with ranged weapons and melee
   (+2).
   rElec:     It insulates you from electricity.
   *Slow:     It may slow you when you take damage.
 E - a +4 scale mail
   (You found it on level 7 of the Dungeon)
Jewellery
 b - the amulet of Nexkiph (around neck) {rN+++ Will+ Regen+ Str+2 Int-2}
   (You acquired it on level 7 of the Dungeon)

   [amulet of regeneration]

   Str+2:     It affects your strength (+2).
   Int-2:     It affects your intelligence (-2).
   rN+++:     It renders you almost immune to negative energy.
   Will+:     It increases your willpower.
   Regen+:    It increases your rate of health regeneration.
 w - a +4 ring of protection (left hand)
   (You found it on level 5 of the Dungeon)
 y - a ring of magical power
   (You found it on level 6 of the Dungeon)
 A - a ring of resist corrosion (right hand)
   (You found it on level 8 of the Dungeon)
 C - a ring of flight
   (You found it on level 6 of the Dungeon)
Talismans
 c - a beast talisman (active)
 d - a flux talisman
 t - a serpent talisman
   (You found it on level 4 of the Dungeon)
 J - a talisman of death
   (You found it on level 7 of the Dungeon)
Wands
 j - a wand of mindburst (14)
   (You took it off Psyche on level 8 of the Dungeon)
 v - a wand of charming (8)
   (You took it off a goblin on level 4 of the Dungeon)
 D - a wand of flame (23) (quivered)
   (You found it on level 6 of the Dungeon)
Scrolls
 g - 2 scrolls of revelation
 i - 3 scrolls of teleportation
 k - 2 scrolls of noise
 l - a scroll of torment {unknown}
 n - a scroll of fear {unknown}
 o - 2 scrolls of enchant weapon
 p - a scroll of poison {unknown}
 q - 2 scrolls of vulnerability {unknown}
 u - a scroll of fog {unknown}
 x - 2 scrolls of blinking {unknown}
 H - 2 scrolls of amnesia
 I - a scroll of identify
Potions
 a - a potion of cancellation
 h - 2 potions of enlightenment
 m - a potion of curing
 r - 3 potions of haste
 z - a potion of brilliance
 F - 2 potions of heal wounds
 G - a potion of might {unknown}

Dungeon Overview and Level Annotations

Branches:
Dungeon (9/15) Zot: 26671  Temple (0/1) D:4            Lair (0/5) D:8
    Orc: D:9-12

Altars:
Ashenzari
Cheibriados
Dithmenos
Fedhas
Kikubaaqudgha
Makhleb
Qazlal
Ru
Sif Muna
Trog
Wu Jian
Xom

Shops:
D:4 * D:9

: ..##.....##..## #######
#............## ## ..#...
..#.............####... #.#...
..#..................#..#.#..#
....#..$.............#........
....#......#..#.........##<..#
...........####.............##
####................#.........
.###.##....#.Xh...#.##.........
......#...>####...# ##.........
#......[....# #.>####..........
.....##.....# ##.##............
.....#....X## #...............
#...........# #....##.......##
#..........# #.....##.....###
...##.....x####.......##...##
.## ##..#...##........#.....##


You could see a large abomination.


Message History

😮 HP[+1] Unknown command.
You hit the large abomination but do no damage.
You headbutt the large abomination, but do no damage.
You punch the large abomination!
The large abomination closely misses you. 😮 HP[+1]
You hit the large abomination. You headbutt the large abomination!
You hit the large abomination.
You destroy the large abomination! 😮 HP[+1] 😕 HP[+2]
You regained 2 hp, and now have 47/62 hp.
Your ufetubus disappears in a puff of smoke!
There is a stone staircase leading down here.
A large abomination comes into view. 😎 HP[+15]
Your hp is fully restored (62).
A large abomination is nearby!
A large abomination is nearby!
A large abomination is nearby!
No target in view!
No target in view!
You hit the large abomination but do no damage.
The large abomination misses you.
You hit the large abomination.
You headbutt the large abomination, but do no damage.
The large abomination closely misses you.
You barely miss the large abomination. You hit the large abomination.
You headbutt the large abomination, but do no damage.
The large abomination misses you.
You barely miss the large abomination.
You headbutt the large abomination, but do no damage.
The large abomination hits you. 😕 HP[-3]
You take 3 damage, and now have 59/62 hp.
You hit the large abomination. You headbutt the large abomination.
The large abomination hits you but does no damage. 😕 HP[+1]
You closely miss the large abomination. You headbutt the large abomination.
The large abomination closely misses you.
You completely miss the large abomination.
The large abomination hits you but does no damage. 😕 HP[+1]
You punch the large abomination! 😎 HP[+1]
Your hp is fully restored (62).
You hit the large abomination but do no damage.
The large abomination hits you!! 😮 HP[-29]
You take 29 damage, and now have 33/62 hp.
MASSIVE DAMAGE!! (PAUSE)
You hit the large abomination but do no damage.
You headbutt the large abomination, but do no damage.
The large abomination hits you.
* * * LOW HITPOINT WARNING * * *
😨 HP[-5]
You take 5 damage, and now have 28/62 hp.
You hit the large abomination but do no damage.
The large abomination hits you!
* * * LOW HITPOINT WARNING * * *
A demonic guardian appears! 😨 HP[-12]
You take 12 damage, and now have 16/62 hp.
You hit the large abomination. The large abomination hits you!
* * * LOW HITPOINT WARNING * * *
😱 HP[-9]
You take 9 damage, and now have 7/62 hp.
Unknown command.
The large abomination hits your shadow imp. 😱 HP[+1]
Your shadow imp hits the large abomination but does no damage.
The large abomination hits your shadow imp!!
Your shadow imp dies!
Your shadow imp disappears in a puff of smoke! 😱 HP[+1] 😱 HP[+1]
Aiming: Throw Flame
Press: ? - help, Q - select action, (/) - cycle Shift-Dir - straight line, f - large abomination
Aim: a large abomination (severely damaged, 81% to hit)
The puff of flame hits the large abomination but does no damage. 😱 HP[+1]
You barely miss the large abomination. 😱 HP[+1]
You hit the large abomination.
Your headbutt misses the large abomination.
The large abomination hits you.
* * * LOW HITPOINT WARNING * * *
😱 HP[-1]
You take 1 damage, and now have 11/62 hp.
You barely miss the large abomination.
You headbutt the large abomination, but do no damage.
You punch the large abomination, but do no damage.
The large abomination barely misses you. 😱 HP[+1]
You hit the large abomination but do no damage.
You headbutt the large abomination, but do no damage.
The large abomination hits you!
You die...

Skill      XL: |  1  2  3  4  5  6  7  8  9 |
---------------+----------------------------+-----
Unarmed Combat | 3 4 6 8 9 10 | 10.0
Shapeshifting  | 3 4 5 6 7 9 |  9.8
Fighting       | 2 |  2.7
Short Blades   | |  0.7
Dodging        | |  1.7

Action                     |  1- 3 |  4- 6 |  7- 9 || total
---------------------------+-------+-------+-------++-------
  Melee: Unarmed           |    86 |   236 |   241 ||   563
         Headbutt          |     7 |    46 |    50 ||   103
         Punch             |     1 |     8 |    12 ||    21
         Pair of quick bla |       |       |    18 ||    18
 Invoke: Sacrifice Experie |       |     1 |       ||     1
         Sacrifice Durabil |       |       |     1 ||     1
         Draw Out Power    |       |       |     1 ||     1
  Evoke: Wand              |       |       |     5 ||     5
    Use: Potion            |     3 |       |    11 ||    14
         Scroll            |       |       |    10 ||    10
   Stab: Invisible         |       |       |     2 ||     2
 Armour: Animal skin       |    25 |       |       ||    25
         Swamp dragon scal |    32 |   133 |   170 ||   335
         Scale mail        |       |       |    51 ||    51
         Skin              |       |       |     7 ||     7
  Dodge: Dodged            |    63 |    93 |   132 ||   288
  Block: Other             |       |    25 |    42 ||    67
   Form: Anaconda          |       |     1 |       ||     1
         Beast             |       |     1 |       ||     1

Levels and vault maps discovered:
D:1:      dpeg_arrival_round_b, layout_loops_corners, minmay_misc_feat_enclosed
D:2:      layout_rooms, serial_co_window_serial, co_window_corner_a,
          co_window_of_opportunity_a, co_window_paths_a, co_window_corner_a,
          co_window_of_opportunity_a, co_window_paths_c, co_window_broadway_b,
          co_window_cross_2, co_window_unsneaky_path_b, co_window_cross_2,
          co_window_of_opportunity_c, glass_columns_b, grunt_ministairs_4,
          minmay_pentomino_p2
D:3:      layout_rooms, minitemple
D:4:      layout_basic, marbit_many_paths, minmay_temple_entry_hall,
          serial_shops, shop_statue, minivault_4, minmay_misc_feat_nine_boxes
D:5:      layout_gridville, nrook_campfire
D:6:      layout_loops_corners, lemuel_doored_altar, hangedman_decor_push,
          minmay_misc_feat_tiny
D:7:      layout_rooms, chequers_temple_overflow_statue_of_worship,
          minivault_24, nicolae_twisty_statue_hallways
D:8:      layout_basic, mainiacjoe_overflow_cross_hatched, david_lair_generic,
          uniq_prince_ribbit1, uniq_pikel, uniq_psyche
D:9:      layout_cave_pools, mainiacjoe_overflow_alcove_4, serial_shops,
          nicolae_shop_hallway_plus, minmay_misc_feat_tower,
          nicolae_wooded_promenade, laboratory

Notes
Turn   | Place    | Note
-------+----------+-------------------------------------------
     0 | D:1      | ytrimaz the Demonspawn Shapeshifter began the quest for the
                  | Orb.
     0 | D:1      | Reached XP level 1. HP: 15/15 MP: 1/1
     0 | D:1      | magus.rc [v1.9.6]
    90 | D:1      | Reached skill level 3 in Unarmed Combat
   240 | D:1      | Gained mutation: You have a pair of small horns on your
                  | head. [demonic ancestry]
   240 | D:1      | Reached XP level 2. HP: 18/21 MP: 2/2
   260 | D:1      | Reached skill level 3 in Shapeshifting
   811 | D:1      | Gained mutation: A weak demonic guardian rushes to your
                  | aid. [demonic ancestry]
   811 | D:1      | Reached XP level 3. HP: 26/26 MP: 3/3
  2124 | D:3      | Gained mutation: A meltable shield of frost defends you.
                  | (SH +4) [demonic ancestry]
  2124 | D:3      | Reached XP level 4. HP: 15/32 MP: 4/4
  2453 | D:3      | Found a sacrificial altar of Ru.
  2455 | D:3      | Found a bloodstained altar of Trog.
  2461 | D:3      | Found a snail-covered altar of Cheibriados.
  2461 | D:3      | Found a shimmering blue altar of Sif Muna.
  2461 | D:3      | Found a blossoming altar of Fedhas.
  2461 | D:3      | Found an ancient bone altar of Kikubaaqudgha.
  2463 | D:3      | Found an ornate altar of the Wu Jian Council.
  2670 | D:3      | Became a worshipper of Ru the Awakened
  2694 | D:4      | Reached skill level 4 in Unarmed Combat
  2741 | D:4      | Found Fano's Assorted Antiques.
  2934 | D:4      | Reached skill level 4 in Shapeshifting
  2934 | D:4      | Gained mutation: You have a pair of horns on your head.
                  | [demonic ancestry]
  2934 | D:4      | Reached XP level 5. HP: 35/37 MP: 5/5
  3192 | D:4      | Found a staircase to the Ecumenical Temple.
  3199 | D:4      | You pick up a book of Dangerous Friends and begin
                  | reading...
  3199 | D:4      | You add the spells Summon Guardian Golem, Orb of
                  | Destruction and Spellforged Servitor to your library.
  3608 | D:4      | Gained mutation: A meltable icy envelope protects you from
                  | harm. (AC +4) [demonic ancestry]
  3608 | D:4      | Reached XP level 6. HP: 25/43 MP: 6/6
  3686 | D:4      | Found a broken altar of Ashenzari.
  3761 | D:5      | Entered Level 5 of the Dungeon
  3806 | D:5      | Reached skill level 5 in Unarmed Combat
  3938 | D:5      | You add the spells Gell's Gravitas, Teleport Other and
                  | Dispersal to your library.
  3939 | D:5      | Gained mutation: You are somewhat inexperienced. (-1 XL)
                  | [Ru sacrifice]
  3939 | D:5      | Reached XP level 5. HP: 37/37 MP: 5/5
  3939 | D:5      | Reached * piety under Ru
  3939 | D:5      | Reached ** piety under Ru
  4420 | D:5      | Reached skill level 5 in Shapeshifting
  4710 | D:6      | Reached XP level 6. HP: 43/43 MP: 6/6
  4813 | D:6      | Found a shadowy altar of Dithmenos.
  5010 | D:6      | Reached skill level 6 in Unarmed Combat
  5269 | D:6      | Reached skill level 6 in Shapeshifting
  5657 | D:7      | Reached XP level 7. HP: 41/48 MP: 7/7
  5695 | D:7      | Reached skill level 7 in Unarmed Combat
  5751 | D:7      | Identified 2 scrolls of acquirement
  5752 | D:7      | Acquired the amulet of Nexkiph {rN+++ Will+ Regen+ Str+2
                  | Int-2}
  5841 | D:7      | Acquired the +10 pair of quick blades "Gyre" and "Gimble"
                  | {protect}
  5841 | D:7      | Found the +10 pair of quick blades "Gyre" and "Gimble"
                  | {protect}
  5995 | D:7      | Found a burning altar of Makhleb.
  6081 | D:7      | Gained mutation: You cannot train Armour skill. [Ru
                  | sacrifice]
  6081 | D:7      | Reached *** piety under Ru
  6421 | D:8      | Noticed an elephant
  6430 | D:8      | Noticed Prince Ribbit
  6433 | D:8      | Noticed Psyche
  6459 | D:8      | Reached skill level 7 in Shapeshifting
  6470 | D:8      | Killed Psyche
  6475 | D:8      | Reached skill level 8 in Unarmed Combat
  6475 | D:8      | Reached XP level 8. HP: 35/54 MP: 8/8
  6481 | D:8      | HP: 12/54 [gnoll sergeant/+0 heavy trident (9)]
  6484 | D:8      | HP: 2/54 [gnoll sergeant/+0 heavy trident (12)]
  6487 | D:8      | Gained mutation: Your magical capacity is low. (-10% MP)
                  | [potion of mutation]
  6487 | D:8      | Gained mutation: Your system is resistant to poisons.
                  | (rPois) [potion of mutation]
  6487 | D:8      | Gained mutation: You expend magic power (3 MP) to
                  | strengthen your wands. [potion of mutation]
  6496 | D:8      | Killed an elephant
  6510 | D:8      | Reached skill level 8 in Shapeshifting
  6552 | D:8      | Found a staircase to the Lair.
  6552 | D:8      | Noticed a two-headed ogre
  6579 | D:8      | Killed a two-headed ogre
  6580 | D:8      | Reached skill level 9 in Unarmed Combat
  6585 | D:8      | HP: 11/54 [basilisk (10)]
  6591 | D:8      | HP: 13/54 [basilisk (4)]
  6596 | D:8      | HP: 5/54 [Prince Ribbit (8)]
  6610 | D:8      | HP: 7/54 [Prince Ribbit (13)]
  6612 | D:8      | Killed Prince Ribbit
  6804 | D:8      | Found a shimmering altar of Xom.
  6813 | D:8      | Identified the +1 scale mail "Emuar" {*Slow rElec Slay+2}
  6832 | D:8      | Reached skill level 9 in Shapeshifting
  6838 | D:8      | Noticed Pikel
  6872 | D:8      | Killed Pikel
  6873 | D:8      | Reached XP level 9. HP: 52/59 MP: 8/8
  6879 | D:8      | Reached skill level 10 in Unarmed Combat
  7060 | D:8      | You pick up a book of Party Tricks and begin reading...
  7060 | D:8      | You add the spells Apportation and Alistair's Intoxication
                  | to your library.
  7215 | D:8      | Lost mutation: You expend magic power (3 MP) to strengthen
                  | your wands. [potion of mutation]
  7215 | D:8      | Lost mutation: Your system is resistant to poisons. (rPois)
                  | [potion of mutation]
  7215 | D:8      | Gained mutation: Your muscles are strong. (Str +4, Int/Dex
                  | -1) [potion of mutation]
  7215 | D:8      | Lost mutation: Your magical capacity is low. (-10% MP)
                  | [potion of mutation]
  7215 | D:8      | Gained mutation: You occasionally lose the ability to drink
                  | potions when taking damage. [potion of mutation]
  7434 | D:9      | Found a stormy altar of Qazlal.
  7450 | D:9      | Found Rawerr's Book Shoppe.
  7558 | D:9      | Reached skill level 2 in Fighting
  7646 | D:9      | You pick up a book of Necromancy and begin reading...
  7646 | D:9      | You add the spells Necrotise, Vampiric Draining and Agony
                  | to your library.
  7727 | D:9      | Noticed a large abomination
  7743 | D:9      | HP: 7/62 [large abomination (10)]
  7749 | D:9      | HP: 11/62 [large abomination (2)]
  7751 | D:9      | Slain by a large abomination

Vanquished Creatures
  A two-headed ogre (D:8)
  Pikel (D:8)
  An elephant (D:8)
  Psyche (D:8)
  A yak (D:8)
  2 basilisks (D:8)
  3 wyverns
  A large abomination (D:9)
  2 water moccasins (D:7)
  2 sky beasts
  A bullfrog (D:9)
  2 kobold brigands
  2 gnoll sergeants (D:8)
  4 scorpions
  4 wights (D:6)
  A killer bee (D:9)
  5 howler monkeys
  An electric eel (D:9)
  4 hounds
  3 orc priests
  A gnoll bouda (D:8)
  A sleepcap (D:5)
  7 orc wizards
  3 iguanas
  2 small abominations (D:9)
  19 gnolls
  5 adders
  A shadow imp (D:4)
  A white imp (D:7)
  2 ufetubi
  A worm (D:3)
  3 dart slugs
  32 orcs
  4 endoplasms
  2 giant cockroaches
  9 goblins
  2 hobgoblins (D:2)
  8 jackals (D:1)
  15 kobolds
  4 quokkas
  10 ball pythons
  4 bats
  3 frilled lizards
  3 rats
184 creatures vanquished.

Vanquished Creatures (collateral kills)
  Prince Ribbit (D:8)
  A wight (D:6)
  A killer bee (D:9)
  A giant cockroach (D:3)
4 creatures vanquished.

Vanquished Creatures (others)
  A killer bee (D:9)
1 creature vanquished.

Grand Total: 189 creatures vanquished

Table legend:
 A = Non-vault XP
 B = Vault XP
 C = Vault XP percentage of total XP
 D = Non-vault monster count
 E = Vault monster count
 F = Vault count percentage of total count
                 A         B        C        D         E       F
            +---------+---------+-------+---------+---------+-------
      Total |    4838 |    2698 |  35.8 |     175 |      14 |   7.4
            +---------+---------+-------+---------+---------+-------
        D:1 |      44 |       0 |   0.0 |      24 |       0 |   0.0
        D:2 |      11 |       5 |  31.2 |       7 |       3 |  30.0
        D:3 |      90 |       0 |   0.0 |      24 |       0 |   0.0
        D:4 |     198 |      35 |  15.0 |      15 |       1 |   6.2
        D:5 |     297 |       0 |   0.0 |      11 |       0 |   0.0
        D:6 |     740 |       0 |   0.0 |      20 |       0 |   0.0
        D:7 |     613 |       0 |   0.0 |      22 |       0 |   0.0
        D:8 |    2113 |    2254 |  51.6 |      39 |       7 |  15.2
        D:9 |     732 |     404 |  35.6 |      13 |       3 |  18.8
            +---------+---------+-------+---------+---------+-------

Skill      XL: |  1  2  3  4  5  6  7  8  9 |
---------------+----------------------------+-----
Unarmed Combat | 3 4 6 8 9 10 | 10.0
Shapeshifting  | 3 4 5 6 7 9 |  9.8
Fighting       | 2 |  2.7
Short Blades   | |  0.7
Dodging        | |  1.7

Action                     |  1- 3 |  4- 6 |  7- 9 || total
---------------------------+-------+-------+-------++-------
  Melee: Unarmed           |    86 |   236 |   241 ||   563
         Headbutt          |     7 |    46 |    50 ||   103
         Punch             |     1 |     8 |    12 ||    21
         Pair of quick bla |       |       |    18 ||    18
 Invoke: Sacrifice Experie |       |     1 |       ||     1
         Sacrifice Durabil |       |       |     1 ||     1
         Draw Out Power    |       |       |     1 ||     1
  Evoke: Wand              |       |       |     5 ||     5
    Use: Potion            |     3 |       |    11 ||    14
         Scroll            |       |       |    10 ||    10
   Stab: Invisible         |       |       |     2 ||     2
 Armour: Animal skin       |    25 |       |       ||    25
         Swamp dragon scal |    32 |   133 |   170 ||   335
         Scale mail        |       |       |    51 ||    51
         Skin              |       |       |     7 ||     7
  Dodge: Dodged            |    63 |    93 |   132 ||   288
  Block: Other             |       |    25 |    42 ||    67
   Form: Anaconda          |       |     1 |       ||     1
         Beast             |       |     1 |       ||     1

Illustrated notes

Table legend:
 A = Kills in this place as a percentage of kills in the entire game.
 B = Kills by you in this place as a percentage of kills by you in the entire game.
 C = Kills by friends in this place as a percentage of kills by friends in the entire game.
 D = Other kills in this place as a percentage of other kills in the entire game.
 E = Experience gained in this place as a percentage of experience gained in the entire game.
 F = Experience gained in this place divided by the number of levels of this place that you have seen.
                   A       B       C       D       E      F
               +-------+-------+-------+-------+-------+----------------------
         Total | 100.0 | 100.0 | 100.0 | 100.0 | 100.0 | 837.3
       Dungeon | 100.0 | 100.0 | 100.0 | 100.0 | 100.0 | 837.3
               +-------+-------+-------+-------+-------+----------------------

Table legend: (Time is in decaauts)
 A = Elapsed time spent in this place.
 B = Non-inter-level travel time spent in this place.
 C = Inter-level travel time spent in this place.
 D = Time resting spent in this place.
 E = Time spent auto-exploring this place.
 F = Levels seen in this place.
 G = Mean time per level.
                   A        B        C        D        E       F      G
               +--------+--------+--------+--------+--------+-----+--------+
         Total |   7682 |   7465 |    217 |     93 |   6007 |   9 |  853.6 |
       Dungeon |   7682 |   7465 |    217 |     93 |   6007 |   9 |  853.6 |
               +--------+--------+--------+--------+--------+-----+--------+

Top non-repeatable levels by time:
     D:6: 1080 daAuts
     D:4: 1077 daAuts
     D:1: 1065 daAuts
     D:2: 991 daAuts
     D:8: 989 daAuts
     D:5: 793 daAuts
     D:7: 732 daAuts
     D:3: 623 daAuts
     D:9: 328 daAuts
